 Dungeon Crawl Stone Soup version 0.17.1-3-g152610e (webtiles) character file.

23 ololoev the Chopper (level 2, 0/26 HPs)
             Began as a Hill Orc Fighter on Mar 18, 2016.
             Killed from afar by an orc wizard (10 damage)
             ... with a magic dart
             ... on level 5 of the Dungeon.
             The game lasted 00:01:40 (267 turns).

ololoev the Chopper (Hill Orc Fighter)               Turns: 267, Time: 00:01:40

Health: 0/26       AC:  6    Str: 18    XL:     2   Next: 95%
Magic:  2/2        EV:  9    Int:  8    God:
Gold:   24         SH:  0    Dex: 10    Spells: 0 memorised, 1 level left

rFire  . . .     SeeInvis .     a - +0 war axe
rCold  . . .     Clarity  .     b - +0 scale mail
rNeg   . . .     SustAt   .     (no shield)
rPois  .         Gourm    .     (no helmet)
rElec  .         Spirit   .     (no cloak)
rCorr  .         Warding  .     (no gloves)
rMut   .         Stasis   .     (no boots)
MR     .....                    (no amulet)
Stlth  ..........               (no ring)
                                (no ring)

@: not resistant to hostile enchantments, extremely unstealthy
A: no striking features
a: no special abilities

Inventory:

Hand Weapons
 a - a +0 war axe (weapon)
Armour
 b - a +0 scale mail (worn)
Scrolls
 c - a scroll of immolation {unknown}
 h - a scroll of recharging {unknown}
Potions
 d - a potion of might
 f - a potion of flight {unknown}
 g - a potion of curing {unknown}
Comestibles
 e - a bread ration


   Skills:
 - Level 3.6 Fighting
 * Level 4.0 Axes
 + Level 3.6 Armour
   Level 3.2 Shields


You had one spell level left.
You didn't know any spells.


You were on level 5 of the Dungeon.
You were not hungry.

You visited 1 branch of the dungeon, and saw 5 of its levels.

You collected 24 gold pieces.

..# ...# ###
...### ...
......
##.#####...###
##....<........
....(.......!...
..#.............
##.###@#....##
... #o#......
.## #o# ...## #
#o# >).# #o# ..#
#.. ... Z## .

Notes
Turn   | Place    | Note
--------------------------------------------------------------
     0 | D:1      | ololoev the Hill Orc Fighter began the quest for the Orb.
     0 | D:1      | Reached XP level 1. HP: 19/19 MP: 1/1
   145 | D:3      | Reached XP level 2. HP: 21/26 MP: 2/2
   198 | D:3      | Reached skill level 4 in Axes
   221 | D:4      | Found a bloodstained altar of Trog.
   262 | D:5      | Entered Level 5 of the Dungeon
   267 | D:5      | Killed from afar by an orc wizard

Dungeon Overview and Level Annotations

Branches:
Dungeon (5/15)
 Temple: D:4-7

Altars:
Trog


Message History

You slash the orc!
You kill the orc!
Things that are here:
a flail; a club
Found a stone staircase leading down.
A worm comes into view.
There is a stone staircase leading down here.
You climb downwards.
Found a rapier, a scroll labeled LARESOPOFE and 4 gold pieces.
There is a stone staircase leading up here.
h - a scroll labeled LARESOPOFE You now have 24 gold pieces (gained 4).
Found a bloodstained altar of Trog.
Found a stone staircase leading down.
There is a stone staircase leading down here.
(D) Dungeon
Where to? (Enter - D:2, ? - help)
There is a stone staircase leading down here.
You climb downwards.
An orc wizard comes into view. It is wielding a dagger.
The orc wizard shouts!
Found five items.
There is a stone staircase leading up here.
An orc comes into view. It is wielding a hand axe.
The orc shouts!
Found a stone staircase leading down.
An orc comes into view. It is wielding a whip.
The orc shouts!
An orc comes into view. It is wielding a flail.
The orc shouts!
The orc wizard barely misses you.
You closely miss the orc wizard. The orc wizard casts a spell at you.
The puff of flame hits you!
Unknown command.
You slash the orc wizard!
The orc wizard is heavily wounded.
The orc wizard casts a spell at you. The magic dart hits you!
You die...

You could see an orc wizard, 3 orcs and a hound zombie (wandering).

Vanquished Creatures
  An adder (D:3)
  A giant gecko (D:2)
  3 orcs (D:3)
  A bat (D:2)
  A hobgoblin (D:3)
  A goblin (D:3)
  3 rats
11 creatures vanquished.

Action                   || total
-------------------------++-------
Melee: War axe           ||    28

Vault maps used:
D:1:      zaba_arrival_water
D:2:      nicolae_ru_sacrificial_ziggurat
D:3:      fedhas_altar_1, overflow_temple_1_default, feat_on_display
D:4:      temple_fountains, first_bread, grunt_decor_mini_mirrors,
          trog_three_pillars_becter
D:5:      yredelemnul_altar_generic, grunt_temple_overflow_open
